 Dungeon Crawl Stone Soup version 0.27.1-33-g824d729ab1 (webtiles) character file.

Game seed: 11198714856718434085

1845 Gabide the Fighter (level 9, -5/82 HPs)
             Began as a Gnoll Wanderer on Dec 10, 2021.
             Was a Follower of Ashenzari.
             Slain by a two-headed ogre (27 damage)
             ... on level 7 of the Dungeon.
             The game lasted 00:10:39 (8961 turns).

Gabide the Fighter (Gnoll Wanderer)                 Turns: 8961, Time: 00:10:39

Health: -5/82      AC: 14    Str: 13    XL:     9   Next: 12%
Magic:  16/16      EV: 11    Int: 13    God:    Ashenzari [*.....]
Gold:   223        SH:  0    Dex: 12    Spells: 17/17 levels left

rFire    . . .     SeeInvis .   j - +1 dagger (venom)
rCold    . . .     Faith    .   (no shield)
rNeg     . . .     Spirit   .   c - +2 ring mail of the Ensconced Pleiades {Melee, Range} (curse)
rPois    .         Reflect  .   (no helmet)
rElec    .         Harm     .   (no cloak)
rCorr    .         Rampage  .   b - +0 pair of gloves
Will     .....                  i - +0 pair of boots
Stlth    ++........             (no amulet)
HPRegen  0.23/turn              k - ring of Supernal Gnosis {AC+4, Self, Melee} (curse)
MPRegen  0.15/turn              r - ring of flight

@: flying
A: fangs 1, strong nose, distributed training
a: Renounce Religion, Curse Item, Shatter the Chains


You were on level 7 of the Dungeon.
You worshipped Ashenzari.
Ashenzari was aware of your devotion.
You visited 1 branch of the dungeon, and saw 7 of its levels.

You collected 223 gold pieces.

Inventory:

Hand Weapons
 a - a +2 dagger
 e - a +2 dagger of flaming
 j - a +1 dagger of venom (weapon)
 l - a +0 mace of holy wrath
 o - a +1 fustibalus of freezing
Armour
 b - a +0 pair of gloves (worn)
 c - the cursed +2 ring mail of the Ensconced Pleiades (worn) {Melee, Range}

   It has a curse which improves the following skills: Melee Combat: Short
   Blades, Long Blades, Axes, Maces & Flails, Polearms, Staves and Unarmed
   Combat.
   Ranged Combat: Slings, Bows, Crossbows and Throwing.
 i - a +0 pair of boots (worn)
Jewellery
 k - the cursed ring of Supernal Gnosis (left hand) {AC+4, Self, Melee}
   (You found it on level 4 of the Dungeon)

   [ring of protection]

   AC:        It affects your AC (+4).
   It has a curse which improves the following skills: Introspection: Fighting
   and Spellcasting.
   Melee Combat: Short Blades, Long Blades, Axes, Maces & Flails, Polearms,
   Staves and Unarmed Combat.
 q - a ring of wizardry
 r - a ring of flight (right hand)
Wands
 n - a wand of polymorph (4)
Scrolls
 d - a scroll of teleportation
 g - 3 scrolls of amnesia
 p - a scroll of blinking
Potions
 f - 2 potions of brilliance
 h - a potion of might
 m - 2 potions of curing
 s - a potion of heal wounds


   Skills:
 + Level 11.0(11.9) Fighting
 + Level 3.9(5.4) Short Blades
 + Level 3.9(5.4) Long Blades
 + Level 3.9(5.4) Axes
 + Level 3.9(5.4) Maces & Flails
 + Level 3.9(5.4) Polearms
 + Level 3.9(5.4) Staves
 + Level 3.9(4.9) Slings
 + Level 3.9(4.9) Bows
 + Level 4.7(5.7) Crossbows
 + Level 3.9(4.9) Throwing
 + Level 6.1 Armour
 + Level 3.9 Dodging
 + Level 4.6 Stealth
 + Level 3.9 Shields
 + Level 3.9(5.4) Unarmed Combat
 + Level 3.9(4.9) Spellcasting
 + Level 3.2 Conjurations
 + Level 3.2 Hexes
 + Level 3.2 Summonings
 + Level 3.2 Necromancy
 + Level 3.2 Translocations
 + Level 3.2 Transmutations
 + Level 3.2 Fire Magic
 + Level 3.2 Ice Magic
 + Level 3.2 Air Magic
 + Level 3.2 Earth Magic
 + Level 3.2 Poison Magic
 + Level 4.3 Invocations
 + Level 4.7 Evocations


You had 17 spell levels left.
You didn't know any spells.
Your spell library contained the following spells:

 Spells                   Type           Power      Damage    Failure   Level
 Animate Skeleton         Necr           22%        N/A       10%         1
 Pain                     Necr           44%        1d6       10%         1
 Gell's Gravitas          Tloc           5%         N/A       28%         3
 Lesser Beckoning         Tloc           5%         N/A       28%         3
 Teleport Other           Tloc           11%        N/A       28%         3
 Vampiric Draining        Necr           5%         2d6       28%         3


Dungeon Overview and Level Annotations

Branches:
Dungeon (7/15)             Temple (0/1) D:4

Altars:
Ashenzari
Hepliaklqana
Ru
The Shining One


Innate Abilities, Weirdness & Mutations

You have very sharp teeth.
Your uncanny sense of smell can sniff out nearby items.
Your experience applies equally to all skills.


Message History

You are too injured to fight recklessly!
You are too injured to fight recklessly!
You are too injured to fight recklessly!
You are too injured to fight recklessly!
You are too injured to fight recklessly!
You are too injured to fight recklessly!
You are too injured to fight recklessly!
You are too injured to fight recklessly!
You are too injured to fight recklessly!
You are too injured to fight recklessly!
You are too injured to fight recklessly!
You are too injured to fight recklessly!
Your +0 mace of holy wrath stops glowing.
Your +1 dagger of venom begins to drip with poison!
j - a +1 dagger of venom (weapon)
The ice beast hits you. The ice beast freezes you!
* * * LOW HITPOINT WARNING * * *
An orc comes into view. It is wielding a +0 club.
The orc shouts!
You hit the ice beast.
The ice beast is poisoned.
The ice beast is almost dead.
You hit the ice beast but do no damage.
The ice beast is almost dead.
The ice beast hits you but does no damage.
You closely miss the ice beast.
You bite the ice beast, but do no damage.
The ice beast is almost dead.
The ice beast closely misses you.
You barely miss the ice beast.
The ice beast is almost dead.
The ice beast hits you but does no damage.
You hit the ice beast.
You kill the ice beast!
You hit the two-headed ogre.
The two-headed ogre is lightly wounded.
You hit the two-headed ogre.
The two-headed ogre is poisoned.
You punch the two-headed ogre.
The two-headed ogre is lightly wounded.
The two-headed ogre hits you with a +0 giant club!!
You die...

######.##### ##..#
#..# ......o5O...#
#..## #.#
######.####.#
#...# #.. #. #.#
###.## #. #. #o#
#...# ..#. #. #.#
#._.# ..#. ## #5#
#...##..#. #O#
##.##..##. #@#
#..#..##..
#.#######.##..##.#
#.........##..#..#
#########.#..##...
#........#
#####....# ######


You could see a two-headed ogre (very poisoned), a white imp and an orc.

Vanquished Creatures
  Prince Ribbit (D:6)
  3 ice beasts
  A hornet zombie (D:7)
  A black bear (D:6)
  An ogre (D:5)
  A necrophage (D:5)
  2 centaurs (D:7)
  A bullfrog (D:3)
  A scorpion (D:6)
  A water moccasin skeleton (D:4)
  2 howler monkeys
  A bullfrog zombie (D:6)
  2 centaur zombies
  3 hounds
  2 jellies (D:6)
  An orc priest (D:5)
  2 iguanas
  An orc wizard (D:5)
  A hound skeleton (D:5)
  A howler monkey zombie (D:6)
  6 adders
  4 gnolls (D:2)
  3 shadow imps
  A white imp (D:6)
  2 ufetubi (D:5)
  An adder skeleton (D:4)
  A worm (D:2)
  A dart slug (D:1)
  20 orcs
  5 ball pythons
  8 bats
  2 endoplasms (D:3)
  5 giant cockroaches
  10 goblins
  6 hobgoblins
  12 jackals
  4 quokkas
  3 frilled lizards
  10 kobolds
  7 rats
140 creatures vanquished.

Notes
Turn   | Place    | Note
-------+----------+-------------------------------------------
     0 | D:1      | Reached skill level 10 in Fighting
     0 | D:1      | Gabide the Gnoll Wanderer began the quest for the Orb.
     0 | D:1      | Gabide set off with the following items: a +2 dagger, a
                  | scroll of fear, a +0 ring mail, a scroll of teleportation
     0 | D:1      | Reached XP level 1. HP: 28/28 MP: 1/1
   110 | D:1      | Reached XP level 2. HP: 36/36 MP: 2/2
   549 | D:1      | Reached XP level 3. HP: 38/42 MP: 3/3
   681 | D:1      | HP: 2/42 [poisoned by a kobold]
  1063 | D:2      | Reached skill level 1 in Invocations
  1200 | D:2      | Reached skill level 1 in Short Blades
  1200 | D:2      | Reached skill level 1 in Long Blades
  1200 | D:2      | Reached skill level 1 in Axes
  1200 | D:2      | Reached skill level 1 in Maces & Flails
  1200 | D:2      | Reached skill level 1 in Polearms
  1200 | D:2      | Reached skill level 1 in Staves
  1200 | D:2      | Reached skill level 1 in Slings
  1200 | D:2      | Reached skill level 1 in Bows
  1200 | D:2      | Reached skill level 1 in Throwing
  1200 | D:2      | Reached skill level 1 in Dodging
  1200 | D:2      | Reached skill level 1 in Shields
  1200 | D:2      | Reached skill level 1 in Unarmed Combat
  1200 | D:2      | Reached skill level 1 in Spellcasting
  1318 | D:2      | Reached XP level 4. HP: 42/48 MP: 5/5
  1420 | D:2      | Found a faded altar of an unknown god.
  2168 | D:2      | Reached skill level 1 in Conjurations
  2168 | D:2      | Reached skill level 1 in Hexes
  2168 | D:2      | Reached skill level 1 in Summonings
  2168 | D:2      | Reached skill level 1 in Necromancy
  2168 | D:2      | Reached skill level 1 in Translocations
  2168 | D:2      | Reached skill level 1 in Transmutations
  2168 | D:2      | Reached skill level 1 in Fire Magic
  2168 | D:2      | Reached skill level 1 in Ice Magic
  2168 | D:2      | Reached skill level 1 in Air Magic
  2168 | D:2      | Reached skill level 1 in Earth Magic
  2168 | D:2      | Reached skill level 1 in Poison Magic
  2612 | D:2      | Reached XP level 5. HP: 32/54 MP: 5/7
  3805 | D:3      | Reached XP level 6. HP: 47/61 MP: 8/8
  4118 | D:3      | Found a broken altar of Ashenzari.
  4130 | D:3      | Became a worshipper of Ashenzari the Shackled
  4276 | D:4      | Reached skill level 5 in Armour
  4816 | D:4      | Found a staircase to the Ecumenical Temple.
  4920 | D:4      | Reached XP level 7. HP: 50/68 MP: 10/10
  5167 | D:5      | Entered Level 5 of the Dungeon
  5412 | D:5      | Found a sacrificial altar of Ru.
  5436 | D:5      | Found a glowing golden altar of the Shining One.
  5757 | D:5      | Reached * piety under Ashenzari
  5963 | D:5      | Reached XP level 8. HP: 26/75 MP: 13/13
  7189 | D:6      | Noticed Prince Ribbit
  7206 | D:6      | Killed Prince Ribbit
  8620 | D:7      | Reached skill level 11 in Fighting
  8754 | D:7      | Found a hazy altar of Hepliaklqana.
  8787 | D:7      | Reached XP level 9. HP: 58/82 MP: 16/16
  8818 | D:7      | Noticed a two-headed ogre
  8961 | D:7      | Slain by a two-headed ogre

Illustrated notes

Levels and vault maps discovered:
D:1:      dpeg_arrival_refuge, layout_loops_ring
D:2:      layout_basic, basic_ecumenical_altar
D:3:      layout_basic, nicolae_ashenzari_skybound
D:4:      layout_loops_cross, temple_statues
D:5:      layout_basic, nicolae_tso_swordbearing_angel,
          nicolae_ru_great_annihilating_truth
D:6:      layout_basic, uniq_prince_ribbit1
D:7:      layout_basic, mainiacjoe_overflow_catch_the_wave,
          kennysheep_small_spiral

Skill      XL: |  1  2  3  4  5  6  7  8 |
---------------+-------------------------+-----
Fighting       | 11 | 11.0
Invocations    | 1 2 3 4 |  4.3
Short Blades   | 1 2 3 |  3.9
Long Blades    | 1 2 3 |  3.9
Axes           | 1 2 3 |  3.9
Maces & Flails | 1 2 3 |  3.9
Polearms       | 1 2 3 |  3.9
Staves         | 1 2 3 |  3.9
Slings         | 1 2 3 |  3.9
Bows           | 1 2 3 |  3.9
Throwing       | 1 2 3 |  3.9
Dodging        | 1 2 3 |  3.9
Shields        | 1 2 3 |  3.9
Unarmed Combat | 1 2 3 |  3.9
Spellcasting   | 1 2 3 |  3.9
Conjurations   | 1 2 3 |  3.2
Hexes          | 1 2 3 |  3.2
Summonings     | 1 2 3 |  3.2
Necromancy     | 1 2 3 |  3.2
Translocations | 1 2 3 |  3.2
Transmutations | 1 2 3 |  3.2
Fire Magic     | 1 2 3 |  3.2
Ice Magic      | 1 2 3 |  3.2
Air Magic      | 1 2 3 |  3.2
Earth Magic    | 1 2 3 |  3.2
Poison Magic   | 1 2 3 |  3.2
Crossbows      | 3 4 |  4.7
Evocations     | 3 4 |  4.7
Stealth        | 3 4 |  4.6
Armour         | 5 6 |  6.1

Action                   |  1- 3 |  4- 6 |  7- 9 || total
-------------------------+-------+-------+-------++-------
Melee: Dagger            |   144 |   306 |   152 ||   602
       Bite              |    15 |    20 |    37 ||    72
       Punch             |       |     1 |    10 ||    11
       Mace              |       |       |   145 ||   145
Invok: Curse Item        |       |     1 |     1 ||     2
  Use: Scroll            |     3 |     4 |     2 ||     9
       Potion            |       |     2 |       ||     2
 Stab: Sleeping          |     1 |     3 |     3 ||     7
       Paralysed         |       |       |     1 ||     1
Armor: Ring mail         |    59 |   134 |   207 ||   400
Dodge: Dodged            |    79 |   180 |   224 ||   483
